 Dungeon Crawl Stone Soup version 0.28.0-53-g5a82cb258f (webtiles) character file.

Game seed: 284649482776495716

439647 NateTC the Slayer (level 22, -9/257 HPs)
             Began as a Deep Dwarf Fighter on June 6, 2022.
             Was the Champion of Jiyva.
             Killed from afar by a black draconian (27 damage)
             ... with a bolt of lightning
             ... on level 3 of the Realm of Zot on June 7, 2022.
             The game lasted 03:21:55 (41234 turns).

NateTC the Slayer (Deep Dwarf Fighter)             Turns: 41234, Time: 03:21:57

Health: -9/257     AC: 22    Str: 31    XL:     22   Next: 68%
Magic:  8/12       EV: 17    Int:  5    God:    Jiyva [******]
Gold:   1110       SH: 35    Dex: 18    Spells: 21/21 levels left

rFire   + . .      SeeInvis .   b - +3 broad axe (spect)
rCold   + . .      Faith    .   O - +10 tower shield of Ignorance {rN+ Int-4}
rNeg    + + .      Spirit   .   Z - +0 gold dragon scales
rPois   +          Reflect  +   (helmet restricted)
rElec   .          Harm     .   P - scarf {repulsion}
rCorr   +          Rampage  .   p - +2 pair of gloves
Will    +++..                   (boots unavailable)
Stlth   ..........              f - amulet of reflection
HPRegen 1.60/turn               s - +6 ring of dexterity
MPRegen 0.63/turn               E - ring of poison resistance

@: repel missiles, very slow
A: damage resistance, heal wounds, negative energy resistance 1, sense
surroundings 3, no regeneration, antennae 1, hooves 3, robust 1, gelatinous body
3, pseudopods 2, translucent skin 1, evolution 1, jelly sensing items
}: 3/15 runes: serpentine, barnacled, slimy
a: Heal Wounds, Renounce Religion, Oozemancy, Slimify


You were on level 3 of the Realm of Zot.
You worshipped Jiyva.
Jiyva was exalted by your worship.
You visited 11 branches of the dungeon, and saw 46 of its levels.
You also visited: Gauntlet.

You collected 2935 gold pieces.
You spent 1825 gold pieces at shops.

Inventory:

Hand Weapons
 a - a +1 antimagic eveningstar
 b - a +3 spectral broad axe (weapon)
 K - the +7 great sword "Jeix" {protect, rC+ rCorr}
   (You found it on level 5 of the Pits of Slime)

   It grants its wielder temporary protection when it strikes (+7 to AC).
   rC:        It protects you from cold.
   rCorr:     It protects you from acid and corrosion.
 R - the +4 whip of War {spect, rElec}
   (You found it on level 3 of the Lair of Beasts)

   When its wielder attacks, the weapon's spirit leaps out and strikes again.
   The spirit shares a part of any damage it takes with its wielder.
   rElec:     It insulates you from electricity.
Armour
 h - a +2 plate armour
 o - the +0 pearl dragon scales of Responsibility {-Tele Fly rN+ Regen+ Int+6}
   (You bought it in a shop on level 8 of the Dungeon)

   Int:       It affects your intelligence (+6).
   rN:        It protects you from negative energy.
   Fly:       It grants you flight.
   -Tele:     It prevents most forms of teleportation.
   Regen:     It increases your rate of health regeneration.
 p - a +2 pair of gloves (worn)
 B - a +0 pair of boots
 G - a +1 helmet of see invisible
 J - a +2 tower shield of reflection
 O - the +10 tower shield of Ignorance (worn) {rN+ Int-4}
   (You took it off Louise on level 1 of the Snake Pit)

   Int:       It affects your intelligence (-4).
   rN:        It protects you from negative energy.
 P - a scarf of repulsion (worn)
 X - +0 fire dragon scales
 Z - +0 gold dragon scales (worn)
Jewellery
 f - an amulet of reflection (around neck)
 s - a +6 ring of dexterity (left hand)
 x - the ring "Ximeoj" {Ice Int+7 Dex-2 Slay-5}
   (You found it on level 5 of the Pits of Slime)

   [ring of ice]

   It enhances your ice magic.
   Int:       It affects your intelligence (+7).
   Dex:       It affects your dexterity (-2).
   Slay:      It affects your accuracy & damage with ranged weapons and melee
   (-5).
   rF:        It makes you vulnerable to fire.
   rC:        It protects you from cold.
 A - the necklace of Bloodlust {*Rage Will++ Int-3 Slay+6}
   (You found it on level 5 of the Pits of Slime)

   [amulet of nothing]

   It extends the wearer's berserk rage when killing foes.
   Int:       It affects your intelligence (-3).
   Slay:      It affects your accuracy & damage with ranged weapons and melee
   (+6).
   *Rage:     It berserks you when you make melee attacks (+50% chance).
   Will:      It greatly increases your willpower.
 E - a ring of poison resistance (right hand)
 L - a +4 ring of evasion
Wands
 l - a wand of acid (2)
 q - a wand of digging (4)
 r - a wand of polymorph (9)
 u - a wand of paralysis (19)
 w - a wand of iceblast (6)
 D - a wand of flame (42)
Scrolls
 j - 6 scrolls of amnesia
 m - 10 scrolls of teleportation
 y - 3 scrolls of fear
 C - a scroll of holy word
 I - a scroll of blinking
 M - 2 scrolls of silence
 N - 3 scrolls of magic mapping
 U - a scroll of brand weapon
 V - 2 scrolls of fog
Potions
 c - a potion of resistance
 d - 2 potions of might
 e - 12 potions of lignification
 g - 2 potions of brilliance
 i - a potion of ambrosia
 k - 9 potions of curing
 n - a potion of attraction
 t - a potion of haste
 v - 3 potions of invisibility
 z - 4 potions of mutation
 F - 3 potions of flight
 Q - 2 potions of magic
 T - a potion of berserk rage
 W - a potion of heal wounds
Miscellaneous
 H - a phial of floods (inert)
 S - a condenser vane
 Y - a phantom mirror


   Skills:
 - Level 21.6 Fighting
 - Level 18.0 Axes
 * Level 0.9(10.8) Maces & Flails
 - Level 1.6(10.1) Polearms
 - Level 18.2 Armour
 - Level 18.0 Dodging
 + Level 7.9 Stealth
 - Level 16.6 Shields
 - Level 7.4 Invocations
 + Level 17.8 Evocations


You had 21 spell levels left.
You didn't know any spells.
Your spell library contained the following spells:

 Spells                   Type           Power      Damage    Failure   Level
 Magic Dart               Conj           0%         1d3       100%        1
 Sandblast                Erth           0%         2d4       100%        1
 Slow                     Hex            0%         N/A       100%        1
 Call Imp                 Summ           0%         N/A       100%        2
 Sublimation of Blood     Necr           0%         N/A       100%        2
 Wereblood                Tmut           0%         N/A       100%        2
 Call Canine Familiar     Summ           0%         N/A       100%        3
 Confusing Touch          Hex            0%         N/A       100%        3
 Mephitic Cloud           Conj/Pois/Air  0%         N/A       100%        3
 Ozocubu's Armour         Ice            0%         N/A       100%        3
 Portal Projectile        Hex/Tloc       0%         N/A       100%        3
 Stone Arrow              Conj/Erth      0%         3d7       100%        3
 Vampiric Draining        Necr           0%         2d6       100%        3
 Airstrike                Air            0%         N/A       100%        4
 Animate Armour           Summ/Erth      0%         N/A       100%        4
 Leda's Liquefaction      Hex/Erth       0%         N/A       100%        4
 Petrify                  Tmut/Erth      0%         N/A       100%        4
 Summon Lightning Spire   Summ/Air       0%         N/A       100%        4
 Blade Hands              Tmut           0%         N/A       100%        5
 Borgnjor's Vile Clutch   Necr/Erth      0%         N/A       100%        5
 Irradiate                Conj/Tmut      0%         3d13      100%        5
 Lee's Rapid Deconstruct  Erth           0%         3d5*      100%        5
 Iron Shot                Conj/Erth      0%         9d1       100%        6
 Statue Form              Tmut/Erth      0%         N/A       100%        6
 Dragon Form              Tmut           0%         N/A       100%        7
 Ozocubu's Refrigeration  Ice            0%         4d5       100%        7
 Summon Hydra             Summ           0%         N/A       100%        7
 Lehudib's Crystal Spear  Conj/Erth      0%         10d2      100%        8
 Maxwell's Capacitive Co  Air            0%         ∞         100%        8


Dungeon Overview and Level Annotations

Branches:
Dungeon (15/15)            Temple (1/1) D:5            Lair (5/6) D:9
 Shoals (4/4) Lair:2        Snake (4/4) Lair:3        Slime (5/5) Lair:5
    Orc (2/2) D:10            Elf (2/3) Orc:2        Vaults (0/5) D:14
 Depths (4/4) D:15           Hell (visited)             Zot (3/5) Depths:4
Gauntlet (visited)
    Dis: Hell:1         Geh: Hell:1         Coc: Hell:1         Tar: Hell:1

Altars:
Ashenzari
Cheibriados
Dithmenos
Elyvilon
Fedhas
Gozag
Hepliaklqana
Kikubaaqudgha
Makhleb
Nemelex Xobeh
Okawaru
Qazlal
Ru
Sif Muna
Trog
Uskayaw
Vehumet
Wu Jian
Xom
Yredelemnul
Zin
The Shining One
Beogh
Jiyva
Lugonu

Shops:
D:2 *   D:8 [   D:11 :   Orc:1 (([   Orc:2 (:[*   Elf:1 [   Elf:2 [(
Shoals:1 **(   Shoals:2 !   Snake:1 *   Snake:4 [   Depths:3 *

Portals:
Hell: Depths:1 Depths:2 Depths:3 Depths:4
Abyss: Depths:3 Depths:4
Pandemonium: Depths:1 Depths:2
Ziggurat: Depths:4
Trove: Depths:2 (give gold dragon scales of the Heavens)

Annotations:
D:6 1 runed translucent door, Crazy Yiuf
D:10 2 transporters
Lair:4 1 runed translucent door
Snake:3 1 runed translucent door, Uxkaff's ghost, adept DsFi
Slime:5 Royal Jelly
Hell Geryon


Innate Abilities, Weirdness & Mutations

You are resistant to damage.
You can heal yourself by infusing magical energy.
You resist negative energy. (rN+)
You passively map a large area around you.
You do not regenerate.
You have a pair of small antennae on your head.
You have hooves in place of feet.
You are robust. (+10% HP)
Your gelatinous body deflects attacks. (AC +3, EV +3)
Armour fits poorly on your large pseudopods.
Your translucent skin slightly reduces your foes' accuracy. (Stealth+)
You have hidden genetic potential.
You have a small jelly attached to you that senses nearby items.


Message History

You don't know any spells.
You don't know any spells.
Aim the phial where?
Press: ? - help, Shift-Dir - straight line, f - black draconian
Aim: a black draconian, wielding a +0 glaive The torrent of water hits the black draconian!!
The black draconian is moderately wounded.
The black draconian is knocked back by the torrent of water.
The wave splashes down.
Splash!
You fall into the shallow water.
Moving in this stuff is going to be slow.
The black draconian is engulfed in water.
The red draconian scorcher is engulfed in water.
You are engulfed in blazing flames.
You resist.
* * * LOW HITPOINT WARNING * * *
You block the red draconian scorcher's attack.
The red draconian scorcher breathes fire at you.
The searing blast misses you.
You feel much better.
You are engulfed in blazing flames.
You resist.
* * * LOW HITPOINT WARNING * * *
You block the black draconian's attack.
The red draconian scorcher casts a spell at you.
The bolt of fire is repelled.
You block the red draconian scorcher's attack.
Your magical essence is drained by the effort!
You feel much better.
You are engulfed in blazing flames.
You resist.
The black draconian hits you from afar with a +0 glaive!
* * * LOW HITPOINT WARNING * * *
The red draconian scorcher casts a spell at you.
The bolt of fire hits you! You resist.
* * * LOW HITPOINT WARNING * * *
You block the red draconian scorcher's attack.
Your magical essence is drained by the effort!
You feel much better.
You are engulfed in blazing flames.
You resist.
The black draconian breathes lightning at you.
The bolt of lightning hits you!!
* * * LOW HITPOINT WARNING * * *
The bolt of lightning hits you!!
You die...

...... , * ,*d., ,
......, *∆∆ #.., #...#**
,*#..., * #...# #..# * ,
.#..# ####..8#≈ 8 ,***,
.#..# ###≈#..##≈≈≈* , ,
.#..# #≈d≈≈...≈≈≈ ≈,,, ,
.#..###########q≈q#..##≈≈
* * * ..............≈)@##
..8# , *
..........)......# *.D#
##..##......######* **...
##..#####...# *∆∆ 2.,
....# #...# ∆∆<* . ,*
....# ##### ∆∆,,,, .>..#
* * #...# ##..#


You could see a black draconian (unsilenced, catching breath, waterlogged) and 2
draconians.

Vanquished Creatures
  An orb of fire (Zot:1)
  An ancient lich (Zot:2)
  3 juggernauts
  Boris (Depths:4)
  4 golden dragons
  The ghost of Tyess the Warrior, an adept DgCj (Depths:2)
  4 electric golems
  Rupert (Orc:2)
  11 tentacled monstrosities
  Jorgrun (Snake:2)
  Mlioglotl (Snake:1)
  A walking earthen tome (Depths:1)
  A quicksilver dragon (Zot:1)
  2 liches (Depths:3)
  A titan (Depths:2)
  2 acid blobs (Lair:5)
  A walking frostbound tome (Depths:3)
  A kraken (Shoals:1)
  3 sphinxes
  3 storm dragons
  2 shadow dragons
  4 death cobs
  Kirke (Snake:1)
  2 tengu reavers
  Agnes (Snake:2)
  A thorn hunter (Snake:2)
  6 draconian monks
  8 nagarajas
  Roxanne (Elf:1)
  The ghost of thiscave3701365 the Severer, a journeyman HOBe of Trog (Orc:2)
  11 fire giants
  2 draconian knights (Zot:2)
  11 frost giants
  Aizul (Snake:2)
  An iron dragon (Depths:2)
  7 draconian scorchers
  Louise (Snake:1)
  A balrug (Zot:1)
  A caustic shrike zombie (D:15)
  2 orc warlords
  2 spectral caustic shrikes (Depths:2)
  8 draconian annihilators
  6 spriggan defenders
  5 draconian shifters
  20 very ugly things
  15 green draconians
  11 stone giants
  Nessos (D:15)
  6 vampire knights
  11 purple draconians
  2 deep elf annihilators
  Azrael (Elf:1)
  2 deep elf demonologists (Elf:2)
  A minotaur (Gauntlet)
  10 red draconians
  4 spark wasps
  5 white draconians
  10 black draconians
  16 yellow draconians
  Snorg (D:13)
  A blizzard demon (Depths:2)
  Josephine (Orc:1)
  15 merfolk impalers
  6 ettins
  A green death (Zot:1)
  A deep elf high priest (Depths:4)
  10 fire dragons
  5 merfolk javelineers
  Fannar (Lair:1)
  7 ice dragons
  6 naga warriors
  4 salamander tyrants
  7 rakshasas
  4 spriggan air magi
  9 hydras
  3 centaur warriors
  2 boulder beetles
  2 catoblepae
  2 ogre magi
  8 alligators
  2 merfolk avatars (Shoals:2)
  8 anacondas
  7 merfolk aquamancers
  2 satyrs (Shoals:3)
  12 dancing weapons
  2 alligator snapping turtles
  4 tengu warriors
  8 two-headed ogres
  6 death yaks (Lair:5)
  A vampire mage (Depths:3)
  Urug (Lair:1)
  6 deep troll earth magi
  8 orc high priests
  10 naga sharpshooters
  6 spriggan berserkers
  10 shock serpents
  4 deep troll shamans
  Sonja (D:11)
  9 deep elf knights
  4 hell knights
  A sun demon (Depths:2)
  A goliath frog (Snake:2)
  13 skeletal warriors
  17 deep trolls
  5 salamander mystics
  5 iron trolls (Depths:3)
  3 flayed ghosts
  29 sea snakes
  12 deep elf archers
  A golden dragon zombie (Depths:2)
  7 naga ritualists
  4 swamp dragons (Snake:2)
  5 necromancers
  7 mana vipers
  2 wizards
  22 deep elf zephyrmancers
  5 orc knights
  25 deep elf pyromancers
  29 harpies
  A frost giant zombie (Depths:2)
  2 orc sorcerers
  4 phantasmal warriors (Depths:1)
  5 cyclopes
  27 ugly things
  An iron dragon skeleton (D:15)
  11 manticores
  11 salamanders
  8 fauns
  32 black mambas
  10 merfolk sirens
  Joseph (D:10)
  12 moths of wrath
  6 water nymphs
  A stone giant skeleton (D:15)
  5 elephants (Lair:2)
  A rust devil (Depths:2)
  4 guardian serpents
  A minotaur zombie (Gauntlet)
  6 naga magi
  2 torpor snails
  2 gargoyles
  An orange demon (Depths:2)
  6 cane toads
  A molten gargoyle (Gauntlet)
  3 centaur skeletons (D:14)
  2 freezing wraiths (D:15)
  2 rime drakes
  Maggie (D:6)
  3 komodo dragons
  A hellion (Zot:3)
  A rime drake (shapeshifter) (D:14)
  5 yaktaurs
  6 tengu conjurers
  3 tyrant leeches (Snake:2)
  49 merfolk
  9 trolls
  A harpy skeleton (D:14)
  A queen bee (shapeshifter) (Elf:1)
  Prince Ribbit (D:9)
  4 hornets
  6 polar bears
  6 wind drakes
  10 dream sheep
  18 blink frogs
  A spriggan zombie (D:15)
  11 snapping turtles
  A shadow (D:12)
  3 spriggans (Depths:2)
  An air elemental (Elf:1)
  21 water elementals
  6 wraiths
  Sigmund (D:5)
  A vampire (D:13)
  6 wyverns
  A hog (shapeshifter) (D:14)
  7 basilisks
  2 hogs (Snake:1)
  41 yaks
  5 fire elementals
  2 steam dragons (D:8)
  A steam dragon (shapeshifter) (Depths:2)
  3 wargs (Orc:1)
  16 nagas
  Edmund (D:6)
  6 vampire mosquitoes
  2 swamp worms (Snake:2)
  An acid dragon (D:11)
  3 hell hounds (Elf:1)
  14 water moccasins
  A swamp drake (Snake:2)
  32 orc warriors
  2 sky beasts
  9 ogres
  A black bear (Lair:4)
  A necrophage (D:4)
  2 phantoms (D:5)
  30 wolves
  9 centaurs
  A kobold brigand (D:10)
  8 bullfrogs
  5 scorpions
  2 earth elementals
  A water moccasin skeleton (D:6)
  12 killer bees (D:10)
  3 wights (D:7)
  An elephant simulacrum (Lair:4)
  4 electric eels
  4 howler monkeys
  3 lava snakes (Snake:2)
  7 centaur zombies
  2 gnoll shamans
  A hound (D:5)
  7 jellies
  28 orc priests
  2 bullfrog skeletons (D:6)
  2 iguanas (D:5)
  29 orc wizards
  Natasha (D:3)
  A hound skeleton (D:4)
  A howler monkey zombie (D:9)
  13 gnolls
  2 howler monkey skeletons
  7 adders
  A white imp (D:5)
  An ufetubus (D:7)
  An adder skeleton (D:4)
  3 worms
  2 dart slugs
  84 orcs
  4 bats
  2 endoplasms
  3 giant cockroaches
  4 hobgoblins
  11 jackals
  12 kobolds
  7 quokkas
  5 ball pythons
  4 frilled lizards
  6 goblins
  4 rats
  3 tentacles (Shoals:1)
  A toadstool (D:14)
1487 creatures vanquished.

Vanquished Creatures (collateral kills)
  A curse toe (Zot:1)
  A thorn hunter (Snake:2)
  A deep elf knight (Elf:2)
  A salamander (Snake:2)
4 creatures vanquished.

Vanquished Creatures (others)
  5 draconian knights
  4 great orbs of eyes
  3 very ugly things (Zot:1)
  A black draconian (Zot:1)
  3 centaur warriors
  An alligator (shapeshifter) (Depths:3)
  2 tengu warriors
  2 naga sharpshooters (Snake:2)
  A glowing orange brain (Depths:1)
  A glowing orange brain (shapeshifter) (Depths:2)
  A harpy (Shoals:3)
  2 deep elf zephyrmancers (Elf:2)
  A mana viper (Snake:4)
  A manticore (Shoals:4)
  A sphinx skeleton (Depths:2)
  A naga mage (Snake:2)
  A hellion (Zot:3)
  A cane toad (Lair:5)
  3 tengu conjurers
  4 slime creatures
  2 water elementals
  A naga (Snake:4)
  An orc warrior (Orc:1)
  3 centaurs (D:15)
  A bullfrog (shapeshifter) (Depths:2)
  4 bullfrogs (Lair:5)
  248 jellies
  2 howler monkeys (D:12)
  3 orc priests (Orc:2)
  4 orcs
  17 demonic plants (Gauntlet)
  58 fungi
  227 plants
  A tentacle (Shoals:1)
  12 toadstools
  19 withered plants
642 creatures vanquished.

Grand Total: 2133 creatures vanquished

Notes
Turn   | Place    | Note
-------+----------+-------------------------------------------
     0 | D:1      | NateTC the Deep Dwarf Fighter began the quest for the Orb.
     0 | D:1      | Reached XP level 1. HP: 20/20 MP: 1/1
    63 | D:1      | Reached skill level 3 in Fighting
    90 | D:1      | Found a faded altar of an unknown god.
   102 | D:1      | Reached XP level 2. HP: 28/28 MP: 2/2
   512 | D:1      | Reached XP level 3. HP: 34/36 MP: 3/3
   886 | D:2      | Reached skill level 4 in Fighting
  1024 | D:2      | Found a basalt altar of Yredelemnul.
  1087 | D:2      | Found Oppiqica's Assorted Antiques.
  2020 | D:3      | Reached XP level 4. HP: 34/45 MP: 4/4
  2186 | D:3      | Noticed Natasha
  2192 | D:3      | Killed Natasha
  2323 | D:3      | Noticed a scorpion
  2332 | D:3      | Killed a scorpion
  2333 | D:3      | Reached XP level 5. HP: 34/51 MP: 5/5
  2641 | D:4      | Reached skill level 5 in Axes
  2859 | D:4      | Reached XP level 6. HP: 44/58 MP: 5/5
  3091 | D:4      | Reached XP level 7. HP: 48/66 MP: 6/6
  3373 | D:5      | Entered Level 5 of the Dungeon
  3517 | D:5      | Got the Guide on Clay and Summoning
  3628 | D:5      | Found a staircase to the Ecumenical Temple.
  3657 | D:5      | Noticed Sigmund
  3664 | D:5      | Killed Sigmund
  3665 | D:5      | Reached XP level 8. HP: 49/73 MP: 7/7
  3923 | D:5      | Reached skill level 5 in Fighting
  4137 | D:6      | Reached skill level 6 in Fighting
  4137 | D:6      | Reached skill level 5 in Armour
  4146 | D:6      | You fall into a shaft and drop 1 floor!
  4498 | D:7      | Noticed a hornet
  4506 | D:7      | Paralysed by a hornet for 3 turns
  4509 | D:7      | Killed a hornet
  4510 | D:7      | Gained mutation: You passively map the area around you.
                  | [Deep Dwarf growth]
  4510 | D:7      | Reached XP level 9. HP: 55/85 MP: 8/8
  5433 | Temple   | Entered the Ecumenical Temple
  6025 | Temple   | Became a worshipper of Elyvilon the Healer
  6104 | D:6      | Reached skill level 7 in Fighting
  6130 | D:6      | Noticed Edmund
  6144 | D:6      | Killed Edmund
  6406 | D:6      | Noticed Maggie
  6414 | D:6      | Killed Maggie
  6689 | D:6      | Found a runed translucent door.
  6690 | D:6      | Noticed Crazy Yiuf
  6795 | D:8      | Reached * piety under Elyvilon
  6931 | D:8      | Found John Lambton's Dragon-Slaying Spoils.
  7434 | D:9      | Noticed a troll
  7440 | D:9      | Killed a troll
  7461 | D:9      | Reached XP level 10. HP: 53/96 MP: 9/9
  7471 | D:9      | Reached skill level 10 in Axes
  7498 | D:9      | Found a staircase to the Lair.
  7506 | D:9      | Reached ** piety under Elyvilon
  7553 | D:9      | Found an opulent altar of Gozag.
  7633 | D:9      | Noticed a two-headed ogre
  7641 | D:9      | Killed a two-headed ogre
  7642 | D:9      | Reached skill level 5 in Shields
  7691 | D:9      | Noticed Prince Ribbit
  7715 | D:9      | Killed Prince Ribbit
  7996 | D:9      | Reached *** piety under Elyvilon
  8436 | Lair:1   | Entered Level 1 of the Lair of Beasts
  8508 | Lair:1   | Noticed a black mamba
  8515 | Lair:1   | Reached XP level 11. HP: 62/103 MP: 9/9
  8749 | Lair:1   | Reached **** piety under Elyvilon
  8751 | Lair:1   | Noticed a six-headed hydra
  8767 | Lair:1   | Killed a ten-headed hydra
  8883 | Lair:1   | Reached skill level 8 in Fighting
  8918 | Lair:1   | Noticed Fannar
  8936 | Lair:1   | Killed Fannar
  9057 | Lair:1   | Noticed Urug
  9072 | Lair:1   | Killed Urug
  9276 | Lair:1   | Reached skill level 9 in Fighting
  9500 | Lair:2   | Noticed an eight-headed hydra
  9816 | Lair:2   | Reached skill level 10 in Fighting
 10005 | Lair:2   | Reached skill level 11 in Fighting
 10097 | Lair:2   | Killed a ten-headed hydra
 10098 | Lair:2   | Reached XP level 12. HP: 30/120 MP: 9/9
 10362 | Lair:2   | Found a staircase to the Shoals.
 10788 | Lair:3   | Found a staircase to the Snake Pit.
 10798 | Lair:3   | Reached skill level 15 in Axes
 11005 | Lair:3   | Reached ***** piety under Elyvilon
 11235 | Lair:3   | Identified the +4 whip of War {spect, rElec}
 11699 | Lair:4   | Reached skill level 1 in Evocations
 11770 | Lair:4   | Noticed a catoblepas
 11779 | Lair:4   | Killed a catoblepas
 11804 | Lair:4   | Reached skill level 5 in Evocations
 11881 | Lair:4   | Noticed a five-headed hydra
 11909 | Lair:4   | Killed a six-headed hydra
 12132 | Lair:4   | Reached XP level 13. HP: 101/127 MP: 7/7
 12205 | Lair:4   | Found a frozen archway.
 12336 | Lair:4   | Noticed a dire elephant
 12358 | Lair:4   | Found a runed translucent door.
 12673 | Lair:5   | Noticed an acid blob
 12673 | Lair:5   | Found a runed translucent door.
 12673 | Lair:5   | Found a viscous altar of Jiyva.
 12674 | Lair:5   | Noticed an acid blob
 12677 | Lair:5   | Found a staircase to the Slime Pits.
 12692 | Lair:5   | Killed an acid blob
 12703 | Lair:5   | Killed an acid blob
 12718 | Lair:5   | Fell from the grace of Elyvilon
 12718 | Lair:5   | Became a worshipper of Jiyva Jasosoil the Shapeless
 12840 | Lair:5   | Reached skill level 5 in Invocations
 12994 | Lair:5   | Reached skill level 12 in Fighting
 13183 | Lair:5   | Reached * piety under Jiyva
 13960 | D:10     | Entered Level 10 of the Dungeon
 14004 | D:10     | Reached ** piety under Jiyva
 14140 | D:10     | Noticed Joseph
 14155 | D:10     | Killed Joseph
 14156 | D:10     | Reached skill level 13 in Fighting
 14353 | D:10     | Reached *** piety under Jiyva
 14360 | D:10     | Gained mutation: Your system is resistant to poisons.
                  | (rPois) [Jiyva's grace]
 14360 | D:10     | Gained mutation: Your flesh is cold resistant. (rC+)
                  | [Jiyva's grace]
 14360 | D:10     | Gained mutation: Your flesh is very cold resistant. (rC++)
                  | [Jiyva's grace]
 14360 | D:10     | Gained mutation: Your flesh is almost immune to the effects
                  | of cold. (rC+++) [Jiyva's grace]
 14508 | D:10     | Found a staircase to the Orcish Mines.
 14588 | D:10     | Found a transporter.
 14590 | D:10     | Found a transporter.
 14643 | D:11     | Found a gate leading to a gauntlet.
 14654 | Gauntlet | Entered a Gauntlet
 14654 | Gauntlet | Found the +2 cloak of the Thief {*Fog Slay-2 SInv Stlth+}
 14654 | Gauntlet | Found a transporter.
 14654 | Gauntlet | Found a transporter.
 14671 | Gauntlet | Found a transporter.
 14675 | Gauntlet | Found a transporter.
 14685 | Gauntlet | Found a transporter.
 14708 | Gauntlet | Found a transporter.
 14714 | Gauntlet | Found a transporter.
 14916 | Gauntlet | Noticed a minotaur
 14927 | Gauntlet | Killed a minotaur
 15045 | D:11     | Noticed Sonja
 15050 | D:11     | Killed Sonja
 15074 | D:11     | Gained mutation: You resist negative energy. (rN+) [Deep
                  | Dwarf growth]
 15074 | D:11     | Reached XP level 14. HP: 142/142 MP: 8/8
 15137 | D:11     | Reached skill level 14 in Fighting
 15421 | D:11     | Found Zutycw's Book Emporium.
 15482 | D:11     | Reached **** piety under Jiyva
 15866 | D:12     | Lost mutation: Your flesh is almost immune to the effects
                  | of cold. (rC+++) [Jiyva's grace]
 15866 | D:12     | Lost mutation: Your system is resistant to poisons. (rPois)
                  | [Jiyva's grace]
 15866 | D:12     | Gained mutation: You have supernaturally acute eyesight.
                  | (SInv) [Jiyva's grace]
 15866 | D:12     | Gained mutation: Your body has grown eyes which may confuse
                  | attackers. (Acc +3) [Jiyva's grace]
 15866 | D:12     | Gained mutation: Your body has grown many eyes which may
                  | confuse attackers. (Acc +5) [Jiyva's grace]
 15866 | D:12     | Gained mutation: Your body is covered in eyes which may
                  | confuse attackers. (Acc +7, SInv) [Jiyva's grace]
 15948 | D:12     | Reached ***** piety under Jiyva
 16261 | D:13     | Noticed Snorg
 16270 | D:13     | Killed Snorg
 16685 | D:13     | Found a faded altar of an unknown god.
 16690 | D:13     | Found a hazy altar of Hepliaklqana.
 17295 | D:14     | Reached skill level 10 in Shields
 17322 | D:14     | Found a gate to the Vaults.
 17498 | D:14     | Reached ****** piety under Jiyva
 17528 | D:14     | Gained mutation: You are strong-willed. (Will+) [Jiyva's
                  | grace]
 17528 | D:14     | Gained mutation: You are highly strong-willed. (Will++)
                  | [Jiyva's grace]
 17528 | D:14     | Gained mutation: You are extremely strong-willed. (Will+++)
                  | [Jiyva's grace]
 17528 | D:14     | Gained mutation: You are covered in slimy tendrils that may
                  | disarm your opponents. [Jiyva's grace]
 17821 | D:15     | Entered Level 15 of the Dungeon
 17824 | D:15     | Found a staircase to the Depths.
 17983 | D:15     | Reached XP level 15. HP: 103/152 MP: 10/10
 18454 | D:15     | Noticed Nessos
 18459 | D:15     | Killed Nessos
 19178 | Snake:1  | Entered Level 1 of the Snake Pit
 19247 | Snake:1  | Noticed Mlioglotl
 19263 | Snake:1  | Killed Mlioglotl
 19372 | Snake:1  | Found Kineus's Neck Hole.
 19416 | Snake:1  | Noticed Louise
 19430 | Snake:1  | Killed Louise
 19431 | Snake:1  | Reached skill level 15 in Shields
 19484 | Snake:1  | Bought a scarf of repulsion for 168 gold pieces
 19551 | Snake:1  | Noticed Kirke
 19563 | Snake:1  | Killed Kirke
 19572 | Snake:1  | Lost mutation: You have supernaturally acute eyesight.
                  | (SInv) [Jiyva's grace]
 19572 | Snake:1  | Lost mutation: You are extremely strong-willed. (Will+++)
                  | [Jiyva's grace]
 19572 | Snake:1  | Lost mutation: You are covered in slimy tendrils that may
                  | disarm your opponents. [Jiyva's grace]
 19572 | Snake:1  | Gained mutation: Your melee attacks may engulf your foes in
                  | ooze. [Jiyva's grace]
 19572 | Snake:1  | Gained mutation: You have sharp fingernails. [Jiyva's
                  | grace]
 19572 | Snake:1  | Gained mutation: You have very sharp fingernails. [Jiyva's
                  | grace]
 19572 | Snake:1  | Gained mutation: You have claws for hands. [Jiyva's grace]
 19722 | Snake:2  | Noticed a nagaraja
 19734 | Snake:2  | Killed a nagaraja
 19971 | Snake:2  | Noticed a thorn hunter
 19983 | Snake:2  | Killed a thorn hunter
 20222 | Snake:2  | Noticed Aizul
 20233 | Snake:2  | Killed Aizul
 20267 | Snake:2  | Noticed a thorn hunter
 20268 | Snake:2  | Noticed Jorgrun
 20292 | Snake:2  | Killed a thorn hunter
 20293 | Snake:2  | Reached skill level 15 in Fighting
 20303 | Snake:2  | Killed Jorgrun
 20314 | Snake:2  | Identified the +8 hand axe of the Eleven Friars {freeze,
                  | *Rage rC+ rN+ Dex+3}
 20314 | Snake:2  | HP: 5/154 [salamander tyrant/flame surge (24)]
 20341 | Snake:2  | Reached XP level 16. HP: 74/163 MP: 11/11
 20482 | Snake:2  | Noticed Agnes
 20792 | Snake:2  | Killed Agnes
 21241 | Snake:3  | Reached skill level 10 in Armour
 21526 | Snake:3  | Found a runed translucent door.
 21526 | Snake:3  | Noticed Uxkaff's ghost (adept DsFi)
 21526 | Snake:3  | Found the +4 robe of Augmentation {Str+4 Int+4 Dex+4}
 21657 | Snake:3  | Reached skill level 16 in Fighting
 21908 | Snake:3  | Lost mutation: You have claws for hands. [Jiyva's grace]
 21908 | Snake:3  | Lost mutation: You have very sharp fingernails. [Jiyva's
                  | grace]
 21908 | Snake:3  | Lost mutation: You have sharp fingernails. [Jiyva's grace]
 21908 | Snake:3  | Gained mutation: Armour fits poorly on your pseudopods.
                  | [Jiyva's grace]
 21908 | Snake:3  | Gained mutation: Armour fits poorly on your large
                  | pseudopods. [Jiyva's grace]
 21908 | Snake:3  | Gained mutation: Armour fits poorly on your massive
                  | pseudopods. [Jiyva's grace]
 21908 | Snake:3  | Gained mutation: You are covered in slimy tendrils that may
                  | disarm your opponents. [Jiyva's grace]
 22156 | Snake:4  | Entered Level 4 of the Snake Pit
 22188 | Snake:4  | Found an ancient bone altar of Kikubaaqudgha.
 22570 | Snake:4  | Reached XP level 17. HP: 174/174 MP: 12/12
 22608 | Snake:4  | Found Olecutis's Armour Emporium.
 22860 | Snake:4  | Got a serpentine rune of Zot
 23006 | Snake:4  | Identified the +6 halberd of the Mushroom {antimagic,
                  | Str+3}
 23660 | D:8      | Bought the +0 pearl dragon scales of Responsibility {-Tele
                  | Fly rN+ Regen+ Int+6} for 1333 gold pieces
 23781 | Shoals:1 | Entered Level 1 of the Shoals
 24039 | Shoals:1 | Found Ziruhed's Visitors' Centre.
 24051 | Shoals:1 | Found Ziruhed's Merfolk Magic.
 24051 | Shoals:1 | Found Ziruhed's Merfolk Armours.
 24059 | Shoals:1 | Noticed a kraken
 24334 | Shoals:1 | Killed a kraken
 24422 | Shoals:1 | Reached skill level 15 in Armour
 24892 | Shoals:2 | Lost mutation: You are highly strong-willed. (Will++)
                  | [Jiyva's grace]
 24892 | Shoals:2 | Lost mutation: Armour fits poorly on your massive
                  | pseudopods. [Jiyva's grace]
 24892 | Shoals:2 | Lost mutation: You are covered in slimy tendrils that may
                  | disarm your opponents. [Jiyva's grace]
 24892 | Shoals:2 | Gained mutation: You are covered in slimy tendrils that may
                  | disarm your opponents. [Jiyva's grace]
 24892 | Shoals:2 | Gained mutation: You have large cloven feet. [Jiyva's
                  | grace]
 24892 | Shoals:2 | Gained mutation: You have hoof-like feet. [Jiyva's grace]
 24892 | Shoals:2 | Gained mutation: You have hooves in place of feet. [Jiyva's
                  | grace]
 24892 | Shoals:2 | Found Maqeij's Distillery.
 25066 | Shoals:2 | Reached skill level 10 in Evocations
 25821 | Shoals:3 | Gained mutation: You passively map a large area around you.
                  | [Deep Dwarf growth]
 25821 | Shoals:3 | Reached XP level 18. HP: 181/183 MP: 13/13
 26624 | Shoals:4 | Entered Level 4 of the Shoals
 26636 | Shoals:4 | Reached skill level 17 in Fighting
 26718 | Shoals:4 | Identified the +5 lajatang of Deflation {vorpal, rPois
                  | rCorr Dex-4}
 27317 | Shoals:4 | Got a barnacled rune of Zot
 27324 | Shoals:4 | Reached skill level 15 in Evocations
 27438 | Slime:1  | Entered Level 1 of the Pits of Slime
 27470 | Slime:5  | Entered Level 5 of the Pits of Slime
 27482 | Slime:5  | Found a viscous altar of Jiyva.
 27483 | Slime:5  | Noticed the Royal Jelly
 27486 | Slime:5  | Found the necklace of Bloodlust {*Rage Will++ Int-3 Slay+6}
 27491 | Slime:5  | Identified the ring "Ximeoj" {Ice Int+7 Dex-2 Slay-5}
 27497 | Slime:5  | Identified the +11 dire flail "Concordance" {drain, rPois}
 27508 | Slime:5  | Got a slimy rune of Zot
 27515 | Slime:5  | Identified the +5 short sword "Xeqem" {flame, Will+ Stlth+}
 27517 | Slime:5  | Identified the +7 great sword "Jeix" {protect, rC+ rCorr}
 27525 | Slime:5  | Identified the +0 ring mail "Omoen" {Slay+3}
 27825 | Depths:1 | Entered Level 1 of the Depths
 27825 | Depths:1 | Lost mutation: You have hooves in place of feet. [Jiyva's
                  | grace]
 27825 | Depths:1 | Lost mutation: You have hoof-like feet. [Jiyva's grace]
 27825 | Depths:1 | Lost mutation: You are strong-willed. (Will+) [Jiyva's
                  | grace]
 27825 | Depths:1 | Lost mutation: Your body is covered in eyes which may
                  | confuse attackers. (Acc +7, SInv) [Jiyva's grace]
 27825 | Depths:1 | Lost mutation: You are covered in slimy tendrils that may
                  | disarm your opponents. [Jiyva's grace]
 27825 | Depths:1 | Lost mutation: You have large cloven feet. [Jiyva's grace]
 27825 | Depths:1 | Gained mutation: You have sharp toenails. [Jiyva's grace]
 27825 | Depths:1 | Gained mutation: You have razor-sharp toenails. [Jiyva's
                  | grace]
 27825 | Depths:1 | Gained mutation: You have claws for feet. [Jiyva's grace]
 27825 | Depths:1 | Gained mutation: Your rubbery body absorbs attacks. (AC +1,
                  | EV +1) [Jiyva's grace]
 27928 | Orc:1    | Entered Level 1 of the Orcish Mines
 28054 | Orc:1    | Noticed Josephine
 28064 | Orc:1    | Killed Josephine
 28084 | Orc:1    | Found Qistosu's Weapon Shop.
 28293 | Orc:2    | Entered Level 2 of the Orcish Mines
 28347 | Orc:2    | Noticed thiscave3701365's ghost (journeyman HOBe)
 28350 | Orc:2    | Noticed Rupert
 28369 | Orc:2    | Killed Rupert
 28454 | Orc:2    | Found a bloodstained altar of Trog.
 28476 | Orc:2    | Found a transporter.
 28484 | Orc:2    | Found a transporter.
 28603 | Orc:2    | Found a staircase to the Elven Halls.
 28631 | Orc:2    | Found a runed translucent door.
 28901 | Orc:2    | Found Ryijegge's Armour Shoppe.
 28901 | Orc:2    | Found Lusiu's Assorted Antiques.
 28901 | Orc:2    | Found Ovadefy's Book Emporium.
 28904 | Orc:2    | Found Caimmeg's Antique Weapon Emporium.
 28908 | Orc:2    | Bought a wand of digging (3) for 144 gold pieces
 28908 | Orc:2    | Bought 3 scrolls of teleportation for 162 gold pieces
 28908 | Orc:2    | Bought a wand of flame (7) for 18 gold pieces
 29187 | Orc:2    | Reached skill level 18 in Fighting
 29355 | Orc:2    | Killed thiscave3701365's ghost
 29375 | Orc:2    | Identified the +0 chain mail of Entitlement {Harm rF++
                  | Str+2 Stlth-}
 29459 | Orc:1    | Found Qerphelo's Antique Weapon Emporium.
 29521 | Orc:1    | Found Yrphesir's Armour Shoppe.
 29705 | Elf:1    | Entered Level 1 of the Elven Halls
 29836 | Elf:1    | Identified Roxanne's Guide on Stones
 29836 | Elf:1    | Noticed Roxanne
 29850 | Elf:1    | Killed Roxanne
 29891 | Elf:1    | Noticed Azrael
 29903 | Elf:1    | Killed Azrael
 30208 | Elf:1    | Found Zitushee's Armour Boutique.
 30236 | Elf:1    | Reached XP level 19. HP: 198/198 MP: 13/13
 30345 | Elf:1    | Paralysed by an air elemental for 1 turns
 30407 | Elf:1    | Reached skill level 19 in Fighting
 30949 | Elf:2    | Found Puwo Bea's Weapon Emporium.
 31009 | Elf:2    | Lost mutation: Your flesh is very cold resistant. (rC++)
                  | [Jiyva's grace]
 31009 | Elf:2    | Lost mutation: Your body has grown many eyes which may
                  | confuse attackers. (Acc +5) [Jiyva's grace]
 31009 | Elf:2    | Lost mutation: Armour fits poorly on your large pseudopods.
                  | [Jiyva's grace]
 31009 | Elf:2    | Lost mutation: Armour fits poorly on your pseudopods.
                  | [Jiyva's grace]
 31009 | Elf:2    | Lost mutation: Your melee attacks may engulf your foes in
                  | ooze. [Jiyva's grace]
 31009 | Elf:2    | Lost mutation: You have claws for feet. [Jiyva's grace]
 31009 | Elf:2    | Lost mutation: You have razor-sharp toenails. [Jiyva's
                  | grace]
 31009 | Elf:2    | Lost mutation: You have sharp toenails. [Jiyva's grace]
 31009 | Elf:2    | Gained mutation: You have large cloven feet. [Jiyva's
                  | grace]
 31009 | Elf:2    | Gained mutation: You have hoof-like feet. [Jiyva's grace]
 31009 | Elf:2    | Gained mutation: You have hooves in place of feet. [Jiyva's
                  | grace]
 31009 | Elf:2    | Gained mutation: Your pliable body absorbs attacks. (AC +2,
                  | EV +2) [Jiyva's grace]
 31056 | Elf:2    | Noticed a Brimstone Fiend
 31232 | Elf:2    | Reached skill level 1 in Dodging
 31321 | Elf:2    | Found an ancient bone altar of Kikubaaqudgha.
 31387 | Elf:2    | Found Kiuczyf's Antique Armour Emporium.
 31825 | Depths:1 | Found a gateway to Hell.
 31930 | Hell     | Entered the Vestibule of Hell
 31930 | Hell     | Noticed Geryon
 32467 | Depths:1 | Found a one-way gate leading to the halls of Pandemonium.
 33063 | Depths:1 | Reached skill level 1 in Polearms
 33423 | Depths:2 | Reached skill level 5 in Dodging
 33423 | Depths:2 | Reached skill level 1 in Stealth
 33469 | Depths:2 | Found a portal to a secret trove of treasure.
 33797 | Depths:2 | Noticed a juggernaut
 33802 | Depths:2 | Reached skill level 20 in Fighting
 33802 | Depths:2 | Reached XP level 20. HP: 180/210 MP: 14/14
 33802 | Depths:2 | Identified the +7 rapier "Huakempiad" {pain, rPois Str-3
                  | Int+2 Dex+2}
 33810 | Depths:1 | Reached skill level 5 in Stealth
 33924 | Depths:1 | Killed a juggernaut
 34433 | Depths:2 | Found a runed translucent door.
 34435 | Depths:2 | Noticed Tyess's ghost (adept DgCj)
 34504 | Depths:2 | Killed Tyess's ghost
 34642 | Depths:2 | Lost mutation: You have hooves in place of feet. [Jiyva's
                  | grace]
 34642 | Depths:2 | Lost mutation: Your body has grown eyes which may confuse
                  | attackers. (Acc +3) [Jiyva's grace]
 34642 | Depths:2 | Gained mutation: You have hidden genetic potential.
                  | [Jiyva's grace]
 34642 | Depths:2 | Gained mutation: You have great hidden genetic potential.
                  | [Jiyva's grace]
 34642 | Depths:2 | Gained mutation: You have a small jelly attached to you
                  | that senses nearby items. [Jiyva's grace]
 34642 | Depths:2 | Gained mutation: Your translucent skin slightly reduces
                  | your foes' accuracy. (Stealth+) [Jiyva's grace]
 34688 | Depths:2 | You fall into a shaft and drop 2 floors!
 34688 | Depths:4 | Entered Level 4 of the Depths
 34786 | Depths:3 | Reached skill level 10 in Dodging
 35240 | Depths:3 | Found a corrupted altar of Lugonu.
 35240 | Depths:3 | Found a one-way gate to the infinite horrors of the Abyss.
 35289 | Depths:3 | Noticed a juggernaut
 35309 | Depths:3 | Killed a juggernaut
 35348 | Depths:3 | Identified the +5 morningstar of Untimely Demise {vorpal,
                  | rPois Str+2}
 35690 | Depths:3 | Found Paff's Assorted Antiques.
 36050 | Depths:3 | Reached XP level 21. HP: 164/220 MP: 15/15
 36140 | Depths:3 | Identified the +0 ring mail of Isiypu {rC+}
 36305 | Depths:4 | Noticed Boris
 36335 | Depths:4 | Killed Boris
 36448 | Depths:4 | Noticed a golden dragon
 36471 | Depths:4 | Killed a golden dragon
 36515 | Depths:4 | Noticed a golden dragon
 36523 | Depths:4 | Killed a golden dragon
 36548 | Depths:4 | Found a gate to the Realm of Zot.
 36652 | Depths:4 | Reached skill level 15 in Dodging
 36799 | Depths:4 | Noticed a golden dragon
 36807 | Depths:4 | Killed a golden dragon
 36881 | Depths:4 | Found a one-way gateway to a ziggurat.
 37005 | Depths:4 | Found a shadowy altar of Dithmenos.
 37220 | Depths:4 | Lost mutation: You have hoof-like feet. [Jiyva's grace]
 37220 | Depths:4 | Lost mutation: Your flesh is cold resistant. (rC+) [Jiyva's
                  | grace]
 37220 | Depths:4 | Gained mutation: Your gelatinous body deflects attacks. (AC
                  | +3, EV +3) [Jiyva's grace]
 37220 | Depths:4 | Gained mutation: You have a somewhat thin skeletal
                  | structure. (Dex +2, Stealth+) [Jiyva's grace]
 37220 | Depths:4 | Gained mutation: You have a moderately thin skeletal
                  | structure. (Dex +4, Stealth++) [Jiyva's grace]
 37220 | Depths:4 | Gained mutation: You have an unnaturally thin skeletal
                  | structure. (Dex +6, Stealth+++) [Jiyva's grace]
 37400 | Zot:1    | Entered Level 1 of the Realm of Zot
 37617 | Zot:1    | Gained mutation: You have a pair of small antennae on your
                  | head. [hidden potential]
 37920 | Zot:1    | Noticed an orb of fire
 37947 | Zot:1    | Gained mutation: Your magical capacity is low. (-10% MP)
                  | [an orb of fire]
 37948 | Zot:1    | Killed an orb of fire
 38086 | Zot:1    | Noticed a curse toe
 38098 | Zot:1    | Killed a curse toe
 38278 | Zot:1    | You fall into a shaft and drop 1 floor!
 38283 | Zot:2    | Noticed a golden dragon
 38682 | Zot:1    | Reached XP level 22. HP: 51/229 MP: 2/13
 39807 | Zot:2    | Noticed an ancient lich
 39816 | Zot:2    | Killed an ancient lich
 39931 | Zot:2    | Noticed a juggernaut
 39947 | Zot:2    | Killed a juggernaut
 39968 | Zot:2    | Gained mutation: You are robust. (+10% HP) [hidden
                  | potential]
 39968 | Zot:2    | Lost mutation: You have great hidden genetic potential.
                  | [hidden potential expressed]
 40029 | Zot:2    | Lost mutation: You have an unnaturally thin skeletal
                  | structure. (Dex +6, Stealth+++) [Jiyva's grace]
 40029 | Zot:2    | Lost mutation: You have a moderately thin skeletal
                  | structure. (Dex +4, Stealth++) [Jiyva's grace]
 40029 | Zot:2    | Lost mutation: You have a somewhat thin skeletal structure.
                  | (Dex +2, Stealth+) [Jiyva's grace]
 40029 | Zot:2    | Lost mutation: Your magical capacity is low. (-10% MP)
                  | [Jiyva's grace]
 40029 | Zot:2    | Gained mutation: You have hoof-like feet. [Jiyva's grace]
 40029 | Zot:2    | Gained mutation: You have hooves in place of feet. [Jiyva's
                  | grace]
 40029 | Zot:2    | Gained mutation: Armour fits poorly on your pseudopods.
                  | [Jiyva's grace]
 40029 | Zot:2    | Gained mutation: Armour fits poorly on your large
                  | pseudopods. [Jiyva's grace]
 40256 | Zot:2    | Reached skill level 21 in Fighting
 40325 | Zot:2    | Killed a golden dragon
 40961 | Zot:3    | Got the Tome of the Birds and Sinister Secrets
 41228 | Zot:3    | HP: 3/257 [black draconian/bolt of lightning (32)]
 41234 | Zot:3    | Killed from afar by a black draconian

Illustrated notes

Levels and vault maps discovered:
D:1:      dpeg_arrival_arbitrary_a, layout_loops_ring,
          nicolae_ecumenical_snake_handling
D:2:      layout_basic, basic_altar, serial_shops,
          nicolae_shop_overgrown_old_shop, minmay_misc_feat_diagonals,
          minmay_hexomino_p4
D:3:      layout_rooms, uniq_natasha
D:4:      layout_basic
D:5:      layout_basic, minmay_temple_entry_wispy, uniq_sigmund
D:6:      layout_cave_pools, st_stairs_4, uniq_crazy_yiuf_cottage, uniq_maggie,
          uniq_edmund
D:7:      layout_basic
D:8:      layout_loops_ring, nicolae_shop_dragon_depot
D:9:      layout_basic, general_overflow_altar, minmay_lair_entry_grove,
          uniq_prince_ribbit1
D:10:     gammafunk_beogh_shrine, layout_stronghold, orc_0_dummy,
          minmay_sticks_and_stones
D:11:     layout_basic, serial_shops, shop, gauntlet_entry_generic, uniq_sonja
D:12:     layout_long_grid
D:13:     layout_loops_ring, beargit_hepliaklqana_dungeon_heroes, uniq_snorg
D:14:     layout_roguey, hangedman_vaults_entry_quadrant_bands,
          corexii_hall_statues_i, minmay_gold_behind_fungi
D:15:     gammafunk_depths_entry_grave, layout_loops_corners,
          serial_bayou_lake_a, uniq_nessos
Temple:   mainiacjoe_temple_starburst
Lair:1:   layout_gridlike, lemuel_fruit_tree, grunt_megastairs_2, uniq_urug,
          uniq_fannar
Lair:2:   layout_roguey, elwin_shoals_entry_rocks, cheibrodos_lair_lostbears,
          grunt_megastairs_5
Lair:3:   layout_regular_city, minmay_snake_entry_spellcaster,
          eino_small_chamber_without_monster, grunt_megastairs_1
Lair:4:   gammafunk_lair_enchanted_lake, layout_gridlike,
          portal_ice_cave_entry_ice_simulacra, hangedman_lair_unloving_vines,
          serial_bayou_shore_b
Lair:5:   layout_small_grid, slime_altar_2, fungi_pond_lemuel
Shoals:1: nicolae_shoals_mermall, layout_shoals, yaktaur_hedge
Shoals:2: layout_shoals, serial_shops, nicolae_shop_hallway_stairs,
          nicolae_shoals_goliath_grotto
Shoals:3: layout_shoals, nicolae_shoals_flooded_hall
Shoals:4: shoals_end_grunt_ice, layout_shoals, nicolae_shoals_land_atoll
Snake:1:  layout_misc_corridors, nicolae_shop_sticking_my_neck_out, uniq_louise,
          uniq_mlioglotl, uniq_kirke
Snake:2:  onia_ninara_swampy_vault, layout_basic, uniq_aizul, uniq_agnes,
          uniq_jorgrun, uniq_vashnia
Snake:3:  layout_basic, gammafunk_ghost_grave
Snake:4:  johnstein_snake_rune_scales, layout_onion_interference, basic_altar,
          serial_shops, shop
Slime:1:  layout_caves
Slime:2:  layout_caves
Slime:3:  layout_caves
Slime:4:  layout_caves, nicolae_slime_barrier
Slime:5
Orc:1:    layout_caves, serial_shops, shop, shop,
          nicolae_shop_bloodbath_and_beyond, basic_altar, uniq_josephine
Orc:2:    st_orc_mages, layout_diamond_mine, gammafunk_ghost_wrathful_warriors,
          lightli_church_of_beogh, uniq_rupert
Elf:1:    minmay_elf_arrival_summoners, layout_geoelf_diagonals, serial_shops,
          nicolae_shop_hallway_stairs, hangedman_corner_corridor, uniq_roxanne,
          uniq_azrael
Elf:2:    nicolae_elf_blades_splatter_lattice [nooodl_blade_entry_preview],
          layout_loops_corners, serial_shops, shop, shop, basic_altar,
          elves_outpost_lemuel
Depths:1: layout_cave_shapes, kennysheep_cross_room, pan_entry, hell_entry,
          grunt_ministairs_11, hangedman_decor_growths,
          hangedman_decor_opposing, kennysheep_just_a_vault
Depths:2: minmay_the_grid_square_5x5_4x4_mashed
          [minmay_the_grid_square_5x5_gyroscope,
          minmay_the_grid_square_5x5_three_walls,
          minmay_the_grid_square_5x5_eight_small,
          minmay_the_grid_square_5x5_minimal, minmay_the_grid_square_5x5_plus,
          minmay_the_grid_square_5x5_prize_junk,
          minmay_the_grid_square_5x5_prize_deathbox,
          minmay_the_grid_square_5x5_hourglass, minmay_the_grid_square_5x5_comb,
          minmay_the_grid_square_5x5_prize_open,
          minmay_the_grid_square_5x5_prize_waves,
          minmay_the_grid_square_5x5_detours, minmay_the_grid_square_5x5_empty,
          minmay_the_grid_square_5x5_spiral_small,
          minmay_the_grid_square_5x5_meh, minmay_the_grid_square_5x5_inner_i],
          layout_cave_pools, rand_demon_pan_entry_5, hellmonk_ghost_big_iron,
          chequers_serial_rivers_micro_d, enter_trove_1,
          pf_hell_entry_tar_river, minmay_starry_boxes
Depths:3: minmay_blocking_statues, layout_cave_pools, serial_shops,
          kennysheep_mini, abyss_entry_flame_altar, hell_entry,
          grunt_decor_junction, patterned_corridor,
          minmay_staircase_windowed_small
Depths:4: grunt_zot_entry_gee_three, layout_long_grid, enter_ziggurat_c,
          hell_entry, nicolae_dithmenos_through_a_glass_darkly,
          abyss_entry_small_statue_room, minmay_misc_feat_columns, uniq_boris
Hell
Zot:1:    layout_gridlike, hangedman_zot_spectrum
Zot:2:    ebering_greatest_show_in_zot, layout_basic
Zot:3:    layout_misc_corridors, hangedman_hellfire_club

Skill      XL: |  1  2  3  4  5  6  7  8  9 10 11 12 13 14 15 16 17 18 19 20 21 22 |
---------------+-------------------------------------------------------------------+-----
Fighting       | 3 4 6 7 11 13 14 15 16 18 20 21 | 21.6
Axes           | 4 5 7 9 12 13 16 18 | 18.0
Armour         | 6 9 13 16 17 18 | 18.2
Shields        | 6 7 8 13 16 | 16.6
Evocations     | 7 9 12 15 17 | 17.8
Invocations    | 6 7 |  7.4
Dodging        | 5 13 18 | 18.0
Polearms       | 1 |  1.6
Stealth        | 4 7 |  7.9
Maces & Flails | |  0.9

Action                   |  1- 3 |  4- 6 |  7- 9 | 10-12 | 13-15 | 16-18 | 19-21 | 22-24 || total
-------------------------+-------+-------+-------+-------+-------+-------+-------+-------++-------
Melee: War axe           |   130 |    69 |   160 |   382 |   303 |       |       |       ||  1044
       Flail             |       |       |       |    14 |    11 |       |       |       ||    25
       Broad axe         |       |       |       |       |   448 |  1036 |  1255 |   377 ||  3116
       Whip              |       |       |       |       |    21 |    11 |     6 |       ||    38
       Pseudopods        |       |       |       |       |       |   237 |    18 |    48 ||   303
       Kick              |       |       |       |       |       |   273 |   479 |    68 ||   820
       Eveningstar       |       |       |       |       |       |       |     5 |     6 ||    11
Invok: Oozemancy         |       |       |       |       |       |     3 |     1 |     1 ||     5
       Slimify           |       |       |       |       |       |     2 |       |       ||     2
 Abil: Heal Wounds       |       |     1 |     7 |    28 |    17 |     1 |     2 |     6 ||    62
Evoke: Wand              |       |       |       |     5 |       |    17 |     6 |     1 ||    29
       Phial of floods   |       |       |       |       |     1 |     1 |     4 |     1 ||     7
       Condenser vane    |       |       |       |       |       |       |     5 |     1 ||     6
  Use: Scroll            |     3 |       |     9 |     4 |    13 |     4 |     6 |     1 ||    40
       Potion            |       |       |       |       |     4 |     2 |     2 |     4 ||    12
 Stab: Distracted        |       |     2 |     2 |     9 |    16 |    19 |    41 |     7 ||    96
       Confused          |       |       |       |       |    41 |    54 |     4 |       ||    99
       Held in net/web   |       |       |       |       |       |     2 |       |       ||     2
Armor: Scale mail        |    68 |     4 |       |       |       |       |       |       ||    72
       Plate armour      |       |    24 |    64 |   267 |   319 |    60 |   218 |       ||   952
       Pearl dragon scal |       |       |       |       |       |    71 |       |       ||    71
       Gold dragon scale |       |       |       |       |       |       |    93 |    98 ||   191
Dodge: Dodged            |    49 |    15 |    31 |   125 |   108 |   141 |   291 |   159 ||   919
       Repelled          |       |       |       |       |       |     9 |    35 |    23 ||    67
Block: Buckler           |    58 |    44 |    60 |   253 |   207 |       |       |       ||   622
       Reflection        |       |       |     2 |     5 |    72 |   163 |    82 |    11 ||   335
       Tower shield      |       |       |       |       |   604 |  1464 |  1620 |   497 ||  4185
